| TOP OF THE 1ST |
|
Erie SeaWolves batting - Pitching for Bowie Baysox : RHP Travis Tovey
|
|
Pitching: RHP Travis Tovey
|
|
|
Batting: LHB Freddy Troncoso
|
0-0: Ball 1-0: Foul Ball, location: 2F 1-1: Swinging Strike 1-2: Strikes out swinging, 2-3 out at first.
|
|
Batting: RHB Yaremka Rzhevsky
|
0-0: Called Strike 0-1: Ball 1-1: Foul Ball, location: 2F 1-2: Ball 2-2: Fly out, F8 (Flyball, 89M, EV 96.3 MPH)
|
|
Batting: SHB Andy Vivas
|
0-0: Called Strike 0-1: Ball 1-1: Ground out 4-3 (Groundball, 4, EV 86.9 MPH)
|
| Top of the 1st over - 0 runs, 0 hits, 0 errors, 0 left on base; Erie 0 - Bowie 0 |
| BOTTOM OF THE 1ST |
|
Bowie Baysox batting - Pitching for Erie SeaWolves : LHP Bobby Jones
|
|
Pitching: LHP Bobby Jones
|
|
|
Batting: RHB Orlando Melchor
|
0-0: Ball 1-0: Swinging Strike 1-1: Called Strike 1-2: Ball 2-2: Ball 3-2: DOUBLE (Groundball, 5L, EV 96.3 MPH)
|
|
Batting: RHB Rudo Garciaparra
|
0-0: Ball 1-0: Called Strike 1-1: Swinging Strike 1-2: Strikes out swinging
|
|
Batting: RHB Dermott Neill
|
0-0: Ground out 6-3 (Groundball, 56, EV 90.0 MPH)
|
|
Batting: RHB Chase Cassidy
|
0-0: Foul Ball, location: 2F 0-1: Ball 1-1: Ground out 6-3 (Groundball, 6, EV 105.6 MPH)
|
| Bottom of the 1st over - 0 runs, 1 hit, 0 errors, 1 left on base; Erie 0 - Bowie 0 |
| TOP OF THE 2ND |
|
Erie SeaWolves batting - Pitching for Bowie Baysox : RHP Travis Tovey
|
|
Batting: RHB Dan Becvar
|
0-0: Swinging Strike 0-1: Ball 1-1: Ball 2-1: Foul Ball, location: 2F 2-2: Ground out 6-3 (Groundball, 6, EV 99.4 MPH)
|
|
Batting: RHB Miguel Nunez
|
0-0: Called Strike 0-1: Ball 1-1: Ball 2-1: SINGLE (Groundball, 56D, EV 102.5 MPH)
|
|
Batting: LHB Oscar Gonzalez
|
0-0: Called Strike 0-1: Foul Ball, location: 2F 0-2: Strikes out swinging
|
|
Batting: LHB Luis Dominguez
|
0-0: Swinging Strike 0-1: Called Strike 0-2: Fielders Choice at 2nd, 6-4 (Groundball, 6, EV 83.1 MPH)
|
| Top of the 2nd over - 0 runs, 1 hit, 0 errors, 1 left on base; Erie 0 - Bowie 0 |
| BOTTOM OF THE 2ND |
|
Bowie Baysox batting - Pitching for Erie SeaWolves : LHP Bobby Jones
|
|
Batting: RHB Longfellow Wetzler
|
0-0: Called Strike 0-1: DOUBLE (Flyball, 89D, EV 110.0 MPH)
|
|
Batting: SHB Tony Pantaleon
|
0-0: Ground out 5-3 (Groundball, 5, EV 84.4 MPH)
|
|
Batting: RHB Vince Jackson
|
0-0: Ball 1-0: SINGLE (Groundball, 56D, EV 108.1 MPH) Longfellow Wetzler to third
|
|
Batting: SHB Eric Tiehen
|
0-0: Ball 1-0: Fielders Choice at 2nd, 6-4 (Groundball, 6, EV 79.4 MPH) Longfellow Wetzler scores
|
|
Batting: RHB Danny Merrill
|
0-0: Foul Ball, location: 2F 0-1: Hit by Pitch Eric Tiehen to second
|
|
Batting: RHB Orlando Melchor
|
0-0: Called Strike 0-1: Swinging Strike 0-2: Ball 1-2: Fielders Choice at 2nd, 5-4 (Groundball, 5, EV 81.9 MPH)
|
| Bottom of the 2nd over - 1 run, 2 hits, 0 errors, 2 left on base; Erie 0 - Bowie 1 |
| TOP OF THE 3RD |
|
Erie SeaWolves batting - Pitching for Bowie Baysox : RHP Travis Tovey
|
|
Batting: RHB Dusty Newman
|
0-0: Ball 1-0: Fly out, F8 (Flyball, 8LS, EV 90.6 MPH)
|
|
Batting: RHB Ken DiFerdinando
|
0-0: Called Strike 0-1: Ball 1-1: SINGLE (Groundball, 34S, EV 70.6 MPH) (infield hit)
|
|
Batting: LHB Freddy Troncoso
|
0-0: Called Strike 0-1: Grounds into double play, 4-6-3 (Groundball, 4, EV 98.8 MPH)
|
| Top of the 3rd over - 0 runs, 1 hit, 0 errors, 0 left on base; Erie 0 - Bowie 1 |
| BOTTOM OF THE 3RD |
|
Bowie Baysox batting - Pitching for Erie SeaWolves : LHP Bobby Jones
|
|
Batting: RHB Rudo Garciaparra
|
0-0: Ball 1-0: Ball 2-0: Foul Ball, location: 2F 2-1: Called Strike 2-2: Strikes out looking
|
|
Batting: RHB Dermott Neill
|
0-0: Called Strike 0-1: Foul Ball, location: 2F 0-2: Ball 1-2: Fly out, F8 (Flyball, 89D, EV 108.8 MPH)
|
|
Batting: RHB Chase Cassidy
|
0-0: Called Strike 0-1: Swinging Strike 0-2: Ball 1-2: Ball 2-2: Ball 3-2: Strikes out swinging
|
| Bottom of the 3rd over - 0 runs, 0 hits, 0 errors, 0 left on base; Erie 0 - Bowie 1 |
| TOP OF THE 4TH |
|
Erie SeaWolves batting - Pitching for Bowie Baysox : RHP Travis Tovey
|
|
Batting: RHB Yaremka Rzhevsky
|
0-0: Called Strike 0-1: Ball 1-1: Foul Ball, location: 2F 1-2: Ball 2-2: Fly out, F9 (Line Drive, 9, EV 91.9 MPH)
|
|
Batting: SHB Andy Vivas
|
0-0: Called Strike 0-1: Ball 1-1: Ball 2-1: Ball 3-1: Foul Ball, location: 2F 3-2: Fly out, F8 (Flyball, 8RD, EV 101.3 MPH)
|
|
Batting: RHB Dan Becvar
|
0-0: Ball 1-0: Foul Ball, location: 2F 1-1: Called Strike 1-2: Ball 2-2: Ground out 5-3 (Groundball, 5, EV 88.1 MPH)
|
| Top of the 4th over - 0 runs, 0 hits, 0 errors, 0 left on base; Erie 0 - Bowie 1 |
| BOTTOM OF THE 4TH |
|
Bowie Baysox batting - Pitching for Erie SeaWolves : LHP Bobby Jones
|
|
Batting: RHB Longfellow Wetzler
|
0-0: Ball 1-0: Foul Ball, location: 2F 1-1: Fly out, F3 (Line Drive, 3, EV 69.4 MPH)
|
|
Batting: SHB Tony Pantaleon
|
0-0: Called Strike 0-1: Ground out 5-3 (Groundball, 5L, EV 86.9 MPH)
|
|
Batting: RHB Vince Jackson
|
0-0: Ground out 5-3 (Groundball, 5S, EV 87.5 MPH)
|
| Bottom of the 4th over - 0 runs, 0 hits, 0 errors, 0 left on base; Erie 0 - Bowie 1 |
| TOP OF THE 5TH |
|
Erie SeaWolves batting - Pitching for Bowie Baysox : RHP Travis Tovey
|
|
Batting: RHB Miguel Nunez
|
0-0: Ball 1-0: SINGLE (Line Drive, 78S, EV 87.5 MPH)
|
|
Batting: LHB Oscar Gonzalez
|
0-0: Foul Ball, location: 2F 0-1: Foul Ball, location: 2F 0-2: Ball 1-2: Ball 2-2: Strikes out swinging
|
|
Batting: LHB Luis Dominguez
|
0-0: Ball 1-0: Hit by Pitch Miguel Nunez to second
|
|
Batting: RHB Dusty Newman
|
0-0: Called Strike 0-1: Ball 1-1: Ball 2-1: Swinging Strike 2-2: Fielders Choice at 2nd, 3-6 (Groundball, 34, EV 80.6 MPH) Miguel Nunez to third
|
|
Batting: RHB Ken DiFerdinando
|
0-0: Called Strike 0-1: Ball 1-1: Ball 2-1: Ball 3-1: Called Strike 3-2: Reached on error, E5 (Groundball, 56S, EV 94.4 MPH) Miguel Nunez scores Dusty Newman to second
|
|
Batting: LHB Freddy Troncoso
|
0-0: Fly out, F7 (Flyball, 7D, EV 85.6 MPH)
|
| Top of the 5th over - 1 run, 1 hit, 1 error, 2 left on base; Erie 1 - Bowie 1 |
| BOTTOM OF THE 5TH |
|
Bowie Baysox batting - Pitching for Erie SeaWolves : LHP Bobby Jones
|
|
Batting: SHB Eric Tiehen
|
0-0: Bunt missed! 0-1: Foul Ball, location: 2F 0-2: Ball 1-2: Fly out, F9 (Flyball, 9S, EV 89.4 MPH)
|
|
Batting: RHB Danny Merrill
|
0-0: Ball 1-0: Called Strike 1-1: Foul Ball, location: 2F 1-2: Ball 2-2: Strikes out swinging
|
|
Batting: RHB Orlando Melchor
|
0-0: Called Strike 0-1: Swinging Strike 0-2: Strikes out swinging
|
| Bottom of the 5th over - 0 runs, 0 hits, 0 errors, 0 left on base; Erie 1 - Bowie 1 |
| TOP OF THE 6TH |
|
Erie SeaWolves batting - Pitching for Bowie Baysox : RHP Travis Tovey
|
|
Batting: RHB Yaremka Rzhevsky
|
0-0: Ball 1-0: Ball 2-0: Ground out 6-3 (Groundball, 56, EV 104.4 MPH)
|
|
Batting: SHB Andy Vivas
|
0-0: Ball 1-0: Foul Ball, location: 2F 1-1: Swinging Strike 1-2: Ball 2-2: Ground out 3-1 (Groundball, 34, EV 101.3 MPH)
|
|
Batting: RHB Dan Becvar
|
0-0: Foul Ball, location: 2F 0-1: SINGLE (Groundball, 5S, EV 69.4 MPH) (infield hit)
|
|
Batting: RHB Miguel Nunez
|
0-0: Called Strike 0-1: Foul Ball, location: 2F 0-2: Ball Dan Becvar is caught stealing 2nd base 2-4
|
| Top of the 6th over - 0 runs, 1 hit, 0 errors, 0 left on base; Erie 1 - Bowie 1 |
| BOTTOM OF THE 6TH |
|
Bowie Baysox batting - Pitching for Erie SeaWolves : LHP Bobby Jones
|
|
Batting: RHB Rudo Garciaparra
|
0-0: Foul Ball, location: 2F 0-1: Ball 1-1: Foul Ball, location: 2F 1-2: Strikes out swinging
|
|
Batting: RHB Dermott Neill
|
0-0: Ball 1-0: Called Strike 1-1: Ball 2-1: Ball 3-1: Called Strike 3-2: Fly out, F7 (Flyball, 78M, EV 94.4 MPH)
|
|
Batting: RHB Chase Cassidy
|
0-0: Ball 1-0: DOUBLE (Flyball, 78D, EV 95.0 MPH)
|
|
Batting: RHB Longfellow Wetzler
|
0-0: Called Strike 0-1: Called Strike 0-2: 2-RUN HOME RUN (Flyball, 89XD, EV 101.9 MPH), Distance : 406 ft
|
|
Batting: SHB Tony Pantaleon
|
0-0: Called Strike 0-1: Ball 1-1: SINGLE (Groundball, 6MD, EV 98.8 MPH)
|
|
Batting: RHB Vince Jackson
|
0-0: Ball 1-0: SINGLE (Line Drive, 34D, EV 111.9 MPH) Tony Pantaleon to second
|
|
Batting: SHB Eric Tiehen
|
0-0: Ball 1-0: Called Strike 1-1: Reached on error, E5 (Groundball, 5, EV 88.1 MPH) Tony Pantaleon to third Vince Jackson to second
|
|
Batting: RHB Danny Merrill
|
0-0: Ball 1-0: Called Strike 1-1: Foul Ball, location: 2F 1-2: Fly out, F7 (Flyball, 7LS, EV 92.5 MPH)
|
| Bottom of the 6th over - 2 runs, 4 hits, 1 error, 3 left on base; Erie 1 - Bowie 3 |
| TOP OF THE 7TH |
|
Erie SeaWolves batting - Pitching for Bowie Baysox : RHP Travis Tovey
|
|
Batting: RHB Miguel Nunez
|
0-0: Foul Ball, location: 2F 0-1: Ball 1-1: Ball 2-1: Foul Ball, location: 2F 2-2: Ball 3-2: SINGLE (Groundball, 56D, EV 110.0 MPH)
|
|
Batting: LHB Oscar Gonzalez
|
0-0: Called Strike 0-1: Foul Ball, location: 2F 0-2: Strikes out swinging
|
|
Batting: LHB Luis Dominguez
|
0-0: Ball 1-0: Ball 2-0: Swinging Strike 2-1: Fly out, F9 (Line Drive, 9, EV 88.1 MPH)
|
|
Pitching: RHP Mike LaMonica
|
|
|
Batting: LHB Gabe Mendez
|
0-0: Ball 1-0: Called Strike 1-1: Called Strike 1-2: Fielders Choice at 2nd, 6-4 (Groundball, 6, EV 83.8 MPH)
|
| Top of the 7th over - 0 runs, 1 hit, 0 errors, 1 left on base; Erie 1 - Bowie 3 |
| BOTTOM OF THE 7TH |
|
Bowie Baysox batting - Pitching for Erie SeaWolves : LHP Bobby Jones
|
|
Batting: RHB Orlando Melchor
|
0-0: Foul Ball, location: 2F 0-1: Ball 1-1: Foul Ball, location: 2F 1-2: Foul Ball, location: 2F 1-2: SOLO HOME RUN (Flyball, 89XD, EV 103.1 MPH), Distance : 407 ft
|
|
Pitching: LHP Jim Daum
|
|
|
Batting: RHB Rudo Garciaparra
|
0-0: Ball 1-0: Foul Ball, location: 2F 1-1: Called Strike 1-2: Foul Ball, location: 2F 1-2: Ball 2-2: Ball 3-2: Ground out 5-3 (Groundball, 56S, EV 85.0 MPH)
|
|
Batting: RHB Dermott Neill
|
0-0: Called Strike 0-1: SOLO HOME RUN (Flyball, 78XD, EV 105.6 MPH), Distance : 430 ft
|
|
Batting: RHB Chase Cassidy
|
0-0: Ball 1-0: Foul Ball, location: 2F 1-1: Foul Ball, location: 2F 1-2: Ground out 6-3 (Groundball, 6, EV 105.0 MPH)
|
|
Batting: RHB Longfellow Wetzler
|
0-0: Ball 1-0: Ball 2-0: SINGLE (Line Drive, 4MD, EV 94.4 MPH)
|
|
Batting: SHB Tony Pantaleon
|
0-0: Foul Ball, location: 2F 0-1: Fly out, F8 (Line Drive, 8RM, EV 92.5 MPH)
|
| Bottom of the 7th over - 2 runs, 3 hits, 0 errors, 1 left on base; Erie 1 - Bowie 5 |
| TOP OF THE 8TH |
|
Erie SeaWolves batting - Pitching for Bowie Baysox : RHP Mike LaMonica
|
|
Batting: RHB Ken DiFerdinando
|
0-0: Fly out, F7 (Flyball, 7LS, EV 81.9 MPH)
|
|
Batting: LHB Freddy Troncoso
|
0-0: Fly out, F8 (Line Drive, 8RD, EV 87.5 MPH)
|
|
Batting: RHB Yaremka Rzhevsky
|
0-0: Fly out, F7 (Flyball, 7LM, EV 88.1 MPH)
|
| Top of the 8th over - 0 runs, 0 hits, 0 errors, 0 left on base; Erie 1 - Bowie 5 |
| BOTTOM OF THE 8TH |
|
Bowie Baysox batting - Pitching for Erie SeaWolves : LHP Jim Daum
|
|
Batting: RHB Vince Jackson
|
0-0: Ball 1-0: Ball 2-0: Called Strike 2-1: Ball 3-1: Swinging Strike 3-2: Foul Ball, location: 2F 3-2: SINGLE (Groundball, 6MD, EV 106.3 MPH)
|
|
Batting: SHB Eric Tiehen
|
0-0: Bunt missed! 0-1: Bunted foul 0-2: Ball 1-2: Fielders Choice at 2nd, 6-4 (Groundball, 6, EV 85.0 MPH)
|
|
Batting: RHB Danny Merrill
|
0-0: Swinging Strike 0-1: Ball 1-1: Foul Ball, location: 2F 1-2: Strikes out looking
|
|
Batting: RHB Orlando Melchor
|
0-0: Ball 1-0: Swinging Strike 1-1: Foul Ball, location: 2F 1-2: Fielders Choice at 2nd, 5-4 (Groundball, 56, EV 81.3 MPH)
|
| Bottom of the 8th over - 0 runs, 1 hit, 0 errors, 1 left on base; Erie 1 - Bowie 5 |
| TOP OF THE 9TH |
|
Erie SeaWolves batting - Pitching for Bowie Baysox : RHP Mike LaMonica
|
|
Batting: SHB Andy Vivas
|
0-0: Ball 1-0: Called Strike 1-1: Foul Ball, location: 2F 1-2: Strikes out swinging
|
|
Batting: RHB Dan Becvar
|
0-0: Called Strike 0-1: Ball 1-1: Ball 2-1: Foul Ball, location: 2F 2-2: Foul Ball, location: 2F 2-2: Ball 3-2: Base on Balls
|
|
Batting: RHB Miguel Nunez
|
0-0: Ball 1-0: Swinging Strike 1-1: Foul Ball, location: 2F 1-2: SINGLE (Line Drive, 9LS, EV 106.3 MPH) Dan Becvar to second
|
|
Pitching: RHP Elliot Monroe
|
|
|
Batting: LHB Oscar Gonzalez
|
0-0: Foul Ball, location: 2F 0-1: Ball 1-1: Foul Ball, location: 2F 1-2: Foul Ball, location: 2F 1-2: Ball 2-2: Strikes out swinging
|
|
Batting: LHB Luis Dominguez
|
0-0: Ball 1-0: Foul Ball, location: 2F 1-1: Swinging Strike 1-2: Ball 2-2: Strikes out swinging
|
| Top of the 9th over - 0 runs, 1 hit, 0 errors, 2 left on base; Erie 1 - Bowie 5 |
|